 Dungeon Crawl Stone Soup version 0.28-a0-1493-g08698888e4 (webtiles) character file.

Game seed: 3667194928123361001

3 testman the Covert (level 1, -1/23 HPs)
             Began as a Gnoll Delver on Jan 12, 2022.
             Slain by an orc (2 damage)
             ... on level 4 of the Dungeon.
             The game lasted 00:02:47 (148 turns).

testman the Covert (Gnoll Delver)                    Turns: 148, Time: 00:02:47

Health: -1/23      AC:  4    Str: 10 (11) XL:     1   Next: 50%
Magic:  1/1        EV: 12    Int:  7 (9)  God:
Gold:   0          SH:  0    Dex: 11 (13) Spells: 0/0 levels left

rFire   . . .      SeeInvis .   a - +0 falchion
rCold   . . .      Faith    .   (no shield)
rNeg    . . .      Spirit   .   b - +0 leather armour
rPois   .          Reflect  .   (no helmet)
rElec   .          Harm     .   (no cloak)
rCorr   .          Rampage  .   (no gloves)
Will    .....                   k - +0 pair of boots
Stlth   ++++......              (no amulet)
HPRegen 0.07/turn               (no ring)
MPRegen 0.07/turn               (no ring)

@: no status effects
A: fangs 1, strong nose, distributed training
a: no special abilities


You were on level 4 of the Dungeon.
You visited 1 branch of the dungeon, and saw 2 of its levels.

Inventory:

Hand Weapons
 a - a +0 falchion (weapon)
Missiles
 j - 18 stones
 l - 11 poisoned darts (quivered)
Armour
 b - a +0 leather armour (worn)
 k - a +0 pair of boots (worn)
Wands
 g - a wand of digging (3)
Scrolls
 c - 2 scrolls of fog
 h - a scroll of immolation {unknown}
Potions
 f - a potion of haste


   Skills:
 + Level 6.4 Fighting
 + Level 0.0 Short Blades
 + Level 4.4 Long Blades
 + Level 0.0 Axes
 + Level 0.0 Maces & Flails
 + Level 0.0 Polearms
 + Level 0.0 Staves
 + Level 0.0 Slings
 + Level 0.0 Bows
 + Level 0.0 Crossbows
 + Level 0.0 Throwing
 + Level 0.0 Armour
 + Level 4.4 Dodging
 + Level 9.5 Stealth
 + Level 0.0 Shields
 + Level 0.0 Unarmed Combat
 + Level 0.0 Spellcasting
 + Level 0.0 Conjurations
 + Level 0.0 Hexes
 + Level 0.0 Summonings
 + Level 0.0 Necromancy
 + Level 0.0 Translocations
 + Level 0.0 Transmutations
 + Level 0.0 Fire Magic
 + Level 0.0 Ice Magic
 + Level 0.0 Air Magic
 + Level 0.0 Earth Magic
 + Level 0.0 Poison Magic
 + Level 0.1 Invocations
 + Level 0.0 Evocations


You couldn't memorise any spells.
You didn't know any spells.
Your spell library was empty.

Dungeon Overview and Level Annotations

Branches:
Dungeon (5/15)
 Temple: D:4-7

Altars:

Portals:
Ossuary: D:4


Innate Abilities, Weirdness & Mutations

You have very sharp teeth.
Your uncanny sense of smell can sniff out nearby items.
Your experience applies equally to all skills.


Message History

The ball python hisses angrily.
The ufetubus misses you. The ufetubus hits you.
* * * LOW HITPOINT WARNING * * *
The ufetubus barely misses you. The ufetubus closely misses you.
It was a potion of degeneration.
There was something very wrong with that liquid.
You feel weakened.
You feel dopey.
You feel clumsy.
The ufetubus hits you but does no damage.
The ufetubus closely misses you. The ball python barely misses you. x2
The hobgoblin closely misses you. The ufetubus closely misses you. x2
The ball python closely misses you. The ball python grabs you.
The ball python constricts you.
As you read the scroll of fear, it crumbles to dust.
You assume a fearsome visage.
The ball python looks frightened!
The ufetubus looks frightened!
The hobgoblin looks frightened!
The ball python loses its grip on you.
An orc comes into view. It is wielding a +0 trident.
Found a sand-covered staircase.
The orc shouts! x2; You hear a shout! 2 orcs come into view.
An orc is wielding a +1 mace of draining.
Found a stone staircase leading down.
The orc barely misses you.
A giant cockroach comes into view.
The orc barely misses you. The orc closely misses you.
The orc barely misses you.
The orc hits you from afar with a +0 trident.
* * * LOW HITPOINT WARNING * * *
The orc closely misses you.
A quokka comes into view.
The orc hits you from afar with a +0 trident.
* * * LOW HITPOINT WARNING * * *
An orc comes into view. It is wielding a +0 club.
You hear the slow hiss of an avalanche of sand.
The giant cockroach barely misses you. The giant cockroach closely misses you.
Okay, then.
The orc shouts!
The giant cockroach barely misses you. The quokka barely misses you.
The orc hits you with a +0 trident.
You die...

,,,,,,,,,,,,,,,,,,,,,,,,***,,,,,*
*,,,,,,,,,......,,.....#***,**,,,
,,,,,,*,,,,......,....o.**,,*****
*,,,,***,,,,.....#.....,*,,** *
***,** *,,,**...#....#,,,S.** *
*,* **,,***.......#*,...,** **
*,* **,,* *#......###...,.##*,
*,* *,,** ##..r∩......#,...##,
**,****,,*###..@........#*....,,
**,,,,**,..#...oBo.......##...>,,
*,,,,,,,.........o..........#**,,
,,,,,**,...####............#* **,
,,,,,***..,** ###.........#* **
,,,,** **,,,* #.######..# * ,,,,*
*,,,** *#.#** ##.## * *,,,*
**,,,***....#*#..## * *,,,**
**,,,,,.......#...## #


You could see 4 orcs, a quokka and a giant cockroach.

Vanquished Creatures
  An orc (D:4)
  A kobold (D:4)
2 creatures vanquished.

Notes
Turn   | Place    | Note
-------+----------+-------------------------------------------
     0 | D:5      | Reached skill level 9 in Stealth
     0 | D:5      | testman the Gnoll Delver began the quest for the Orb.
     0 | D:5      | Reached XP level 1. HP: 23/23 MP: 1/1
   137 | D:4      | Found a sand-covered staircase.
   143 | D:4      | HP: 1/23 [orc (3)]
   148 | D:4      | Slain by an orc

Illustrated notes

Levels and vault maps discovered:
D:4:      layout_layer_cave, enter_ossuary_1, uniq_grinder, uniq_pikel,
          uniq_duvessa
D:5:      layout_basic, minivault_27

Skill      XL: | |
---------------+-+-----
Stealth        | |  9.5
Fighting       | |  6.4
Long Blades    | |  4.4
Dodging        | |  4.4
Invocations    | |  0.1

Action                   || total
-------------------------++-------
Melee: Falchion          ||    10
       Bite              ||     1
  Use: Scroll            ||     2
       Potion            ||     1
 Stab: Sleeping          ||     1
Armor: Leather armour    ||    10
Dodge: Dodged            ||    37

Table legend: (Time is in decaauts)
 A = Elapsed time spent in this place.
 B = Non-inter-level travel time spent in this place.
 C = Inter-level travel time spent in this place.
 D = Time resting spent in this place.
 E = Time spent auto-exploring this place.
 F = Levels seen in this place.
 G = Mean time per level.
                   A        B        C        D        E       F      G
               +--------+--------+--------+--------+--------+-----+--------+
         Total |    148 |    148 |      0 |      0 |     43 |   2 |   74.0 |
       Dungeon |    148 |    148 |      0 |      0 |     43 |   2 |   74.0 |
               +--------+--------+--------+--------+--------+-----+--------+

Top non-repeatable levels by time:
     D:5: 96 daAuts
     D:4: 52 daAuts
